 Dungeon Crawl Stone Soup version 0.28-a0-384-g9e0c098162 (webtiles) character file.

Game seed: 10739608868026794428

295 SolCadguy the Chopper (level 6, -2/70 HPs)
             Began as a Palentonga Warper on Sept 3, 2021.
             Killed from afar by Blork the orc (7 damage)
             ... with a puff of flame
             ... on level 5 of the Dungeon.
             The game lasted 00:09:34 (5283 turns).

SolCadguy the Chopper (Palentonga Warper)           Turns: 5283, Time: 00:09:35

Health: -2/70      AC: 23    Str: 17    XL:     6   Next: 11%
Magic:  9/9        EV:  1    Int: 13    God:
Gold:   151        SH:  0    Dex:  9    Spells: 7/9 levels left

rFire   . . .      SeeInvis +   j - +0 war axe
rCold   . . .      Faith    .   (no shield)
rNeg    + + +      Spirit   .   (armour currently unavailable)
rPois   +          Reflect  .   (helmet currently unavailable)
rElec   .          Harm     .   (cloak currently unavailable)
rCorr   .          Rampage  .   (gloves currently unavailable)
Will    .....      NoTele   +   (no barding)
Stlth   +.........              (no amulet)
HPRegen 0.21/turn               (no ring)
MPRegen 0.11/turn               (no ring)

@: mighty, tree-form
A: stationary, stasis, torment immunity, boosted hp, large, rugged brown scales
3, see invisible, (deformed body), (roll 1), (armoured tail)
a: no special abilities


You were on level 5 of the Dungeon.
You were a tree.
You visited 1 branch of the dungeon, and saw 5 of its levels.

You collected 151 gold pieces.

Inventory:

Hand Weapons
 a - a +0 hand axe
 j - a +0 war axe (weapon)
 k - a +0 mace
 l - a +2 vampiric short sword
 o - a +0 hunting sling
 s - a +0 lajatang
Missiles
 d - 10 boomerangs of dispersal (quivered)
 h - 45 stones
 n - 56 sling bullets
Armour
 b - a +0 leather armour (melded)
 f - a +0 helmet (melded)
Wands
 w - a wand of iceblast (2)
Scrolls
 c - a scroll of blinking
 g - a scroll of brand weapon {unknown}
 p - a scroll of immolation {unknown}
 v - a scroll of enchant weapon {unknown}
 x - a scroll of fog {unknown}
 y - a scroll of amnesia {unknown}
Potions
 e - a potion of ambrosia
 r - a potion of attraction {unknown}
 t - a potion of curing {unknown}
 u - a potion of resistance


   Skills:
 - Level 2.0 Fighting
 + Level 6.5 Axes
 - Level 0.6 Throwing
 - Level 0.7 Armour
 - Level 1.5 Dodging
 - Level 2.0 Spellcasting
 - Level 3.0 Translocations


You had 7 spell levels left.
You knew the following spells:

 Your Spells              Type           Power      Damage    Failure   Level
a - Blink                 Tloc           N/A        N/A       11%         2

Your spell library contained the following spells:

 Spells                   Type           Power      Damage    Failure   Level
 Gell's Gravitas          Tloc           4%         N/A       22%         3
 Lesser Beckoning         Tloc           9%         N/A       22%         3
 Teleport Other           Tloc           9%         N/A       22%         3
 Manifold Assault         Tloc           9%         N/A       90%         5


Dungeon Overview and Level Annotations

Branches:
Dungeon (5/15)
 Temple: D:4-7

Altars:
Hepliaklqana
The Shining One

Annotations:
D:5 Blork the orc


Innate Abilities, Weirdness & Mutations

You are a tree.
Your roots penetrate the ground, keeping you stationary.
You cannot be teleported.
You are immune to unholy pain and torment.
Your maximum health is greatly increased.
Your equipment is partially melded.
(You are completely covered in rugged brown scales. (AC +3, +7% HP))
You have supernaturally acute eyesight. (SInv)
((Armour fits poorly on your strangely shaped body.))
((You can roll at nearby foes to attack.))
((You have a long armoured tail.))


Message History

The javelin completely misses Blork the orc.
The javelin barely misses the phantom.
Blork the orc miscasts a cantrip.
Throw: javelin
Press: ? - help, Q - select action, (/) - cycle Shift-Dir - straight line, f/p - phantom
Aim: a phantom (moderately damaged, 41% to hit)
You throw a javelin.
The javelin closely misses Blork the orc.
The javelin pierces through the phantom!
The phantom is severely damaged.
Blork the orc hits you with a +0 dire flail!
Blork the orc hits you but does no damage.
Blork the orc miscasts a cantrip.
You closely miss Blork the orc.
Blork the orc hits you but does no damage.
You hit Blork the orc but do no damage.
Blork the orc hits you but does no damage.
Blork the orc hits you with a +0 dire flail!
* * * LOW HITPOINT WARNING * * *
You hit Blork the orc.
Blork the orc is lightly wounded.
Blork the orc hits you but does no damage.
Blork the orc hits you with a +0 dire flail.
* * * LOW HITPOINT WARNING * * *
You barely miss Blork the orc.
Blork the orc is lightly wounded.
Blork the orc hits you with a +0 dire flail.
* * * LOW HITPOINT WARNING * * *
Blork the orc hits you but does no damage.
You barely miss Blork the orc.
Blork the orc is lightly wounded.
Blork the orc hits you with a +0 dire flail!
* * * LOW HITPOINT WARNING * * *
Blork the orc hits you with a +0 dire flail.
* * * LOW HITPOINT WARNING * * *
It was a potion of might.
You feel very mighty all of a sudden.
Blork the orc points at you and mumbles some strange words.
The puff of flame hits you!
You die...

#........# #..#
#........# ....
#........# .....
##........# .....#
#.........# .?....#
#........# .......
##........#
.......####.[.......#
........♣oW....(....##
#.......###..........#
#........ ####.......#
##.......#
#.......##.. #.......#
#........... ##.......
#...####.... #.......
#...# ###.. ##......#
...## #.. #..


You could see Blork the orc (fast) and a phantom.

Vanquished Creatures
  A phantom (D:4)
  A scorpion (D:4)
  A hound (D:4)
  An iguana (D:4)
  A gnoll (D:1)
  An adder (D:3)
  An ufetubus (D:4)
  A dart slug (D:2)
  4 orcs
  7 ball pythons
  8 bats
  5 endoplasms
  9 giant cockroaches
  4 hobgoblins
  8 kobolds
  6 quokkas
  6 frilled lizards
  4 goblins
  6 rats
75 creatures vanquished.

Vanquished Creatures (others)
  2 plants (D:2)
2 creatures vanquished.

Grand Total: 77 creatures vanquished

Notes
Turn   | Place    | Note
-------+----------+-------------------------------------------
     0 | D:1      | SolCadguy the Palentonga Warper began the quest for the
                  | Orb.
     0 | D:1      | Reached XP level 1. HP: 17/17 MP: 3/3
   212 | D:1      | Reached skill level 3 in Axes
   212 | D:1      | Reached XP level 2. HP: 10/23 MP: 5/5
   761 | D:1      | Reached XP level 3. HP: 5/28 MP: 6/6
  1016 | D:1      | Learned a level 2 spell: Blink
  1972 | D:2      | Reached skill level 4 in Axes
  2478 | D:2      | Found a faded altar of an unknown god.
  2597 | D:3      | Reached XP level 4. HP: 35/35 MP: 7/7
  2721 | D:3      | Noticed an ogre
  2921 | D:3      | Noticed a scorpion
  3529 | D:4      | Noticed a scorpion
  3542 | D:4      | Killed a scorpion
  3543 | D:4      | Reached skill level 5 in Axes
  3543 | D:4      | Reached XP level 5. HP: 21/40 MP: 3/8
  4066 | D:4      | Found a hazy altar of Hepliaklqana.
  4486 | D:4      | Found a glowing golden altar of the Shining One.
  4566 | D:4      | Noticed a phantom
  4575 | D:4      | Killed a phantom
  4576 | D:4      | Reached skill level 6 in Axes
  4576 | D:4      | Reached XP level 6. HP: 23/47 MP: 6/9
  4964 | D:5      | Entered Level 5 of the Dungeon
  5259 | D:5      | Noticed Blork the orc
  5283 | D:5      | Killed from afar by Blork the orc

Illustrated notes

Levels and vault maps discovered:
D:1:      wheals_arrival_shading, layout_loops_corners, minmay_pentomino_q2
D:2:      layout_basic, shapermc_ecumenical_altar_acropolis, serial_forest,
          infiniplex_forest_clump_curved, infiniplex_forest_lined_ring,
          infiniplex_forest_end_1, infiniplex_forest_diagonal,
          infiniplex_forest_join
D:3:      layout_loops_ring, lemuel_doored_altar
D:4:      layout_basic, lemuel_crystal_altar, nicolae_overflow_crystal_walls,
          chequers_arboretum
D:5:      layout_cave_pods, serial_shops, shop, chequers_serial_rivers_micro_c,
          uniq_blork_the_orc

Skill      XL: |  1  2  3  4  5 |
---------------+----------------+-----
Axes           | 3 4 5 6 |  6.5
Fighting       | |  2.0
Throwing       | |  0.6
Armour         | |  0.7
Dodging        | |  1.5
Spellcasting   | |  2.0
Translocations | |  3.0

Action                   |  1- 3 |  4- 6 || total
-------------------------+-------+-------++-------
Melee: Hand axe          |   108 |       ||   108
       Tailslap          |    11 |     9 ||    20
       Short sword       |    53 |    25 ||    78
       War axe           |       |    91 ||    91
Throw: Javelin           |       |     4 ||     4
 Cast: Blink             |       |     8 ||     8
 Abil: Rolling Charge    |    24 |    21 ||    45
  Use: Scroll            |       |     2 ||     2
       Potion            |       |     2 ||     2
Armor: Leather armour    |    69 |    45 ||   114
       Skin              |       |     7 ||     7
Dodge: Dodged            |    92 |    60 ||   152

Table legend: (Time is in decaauts)
 A = Elapsed time spent in this place.
 B = Non-inter-level travel time spent in this place.
 C = Inter-level travel time spent in this place.
 D = Time resting spent in this place.
 E = Time spent auto-exploring this place.
 F = Levels seen in this place.
 G = Mean time per level.
                   A        B        C        D        E       F      G
               +--------+--------+--------+--------+--------+-----+--------+
         Total |   5334 |   5040 |    294 |   1736 |   2521 |   5 | 1066.8 |
       Dungeon |   5334 |   5040 |    294 |   1736 |   2521 |   5 | 1066.8 |
               +--------+--------+--------+--------+--------+-----+--------+

Top non-repeatable levels by time:
     D:1: 1809 daAuts
     D:4: 1777 daAuts
     D:2: 1023 daAuts
     D:3: 684 daAuts
     D:5: 38 daAuts
